 Dungeon Crawl Stone Soup version 0.25-a0-404-gc1b5a34292 (webtiles) character file.

Game seed: 9260616243288531712, levelgen mode: deterministic

2 Jerej03 the Conjurer (level 1, -1/13 HPs)
             Began as a Demonspawn Wanderer on Jan 11, 2020.
             Slain by a hobgoblin (5 damage)
             ... on level 1 of the Dungeon.
             The game lasted 00:01:21 (93 turns).

Jerej03 the Conjurer (Demonspawn Wanderer)            Turns: 93, Time: 00:01:22

Health: -1/13      AC:  2    Str:  8    XL:     1   Next: 25%
Magic:  1/1        EV: 11    Int: 16    God:
Gold:   12         SH:  0    Dex: 13    Spells: 0/0 levels left

rFire    . . .     SeeInvis .   b - +0 spear (freeze)
rCold    . . .     Gourm    .   (no shield)
rNeg     . . .     Faith    .   d - +0 robe
rPois    .         Spirit   .   (no helmet)
rElec    .         Reflect  .   (no cloak)
rCorr    .         Harm     .   (no gloves)
MR       +....                  (no boots)
Stlth    ++........             (no amulet)
HPRegen  0.04/turn              c - ring of protection from magic
MPRegen  0.07/turn              (no ring)

@: no status effects
A: no striking features
a: no special abilities


You were on level 1 of the Dungeon.
You were not hungry.

You visited 1 branch of the dungeon, and saw 1 of its levels.

You collected 12 gold pieces.

Inventory:

Hand Weapons
 b - a +0 spear of freezing (weapon)
Armour
 d - a +0 robe (worn)
Jewellery
 c - a ring of protection from magic (left hand)
Comestibles
 a - a chunk of flesh
 f - a ration


   Skills:
 + Level 1.7 Polearms
 + Level 2.0 Stealth
   Level 1.0 Shields
   Level 4.0 Conjurations
   Level 1.0 Transmutations


You couldn't memorise any spells.
You didn't know any spells.
Your spell library contained the following spells:

 Spells                   Type           Power        Failure   Level  Hunger
 Magic Dart               Conj           ##..         4%          1    ##.....
 Infusion                 Chrm           #...         26%         1    ##.....
 Stone Arrow              Conj/Erth      #.....       32%         3    ####...
 Ozocubu's Armour         Chrm/Ice       #.......     58%         3    ####...


Dungeon Overview and Level Annotations

Branches:
Dungeon (1/15)

Altars:


Message History

c - a ring of protection from magic (left hand)
You see here a leopard gecko skeleton.
A hobgoblin comes into view.
Found 13 gold pieces.
The hobgoblin shouts!
The hobgoblin hits you.
You barely miss the hobgoblin. The hobgoblin barely misses you.
You barely miss the hobgoblin. The hobgoblin hits you.
You barely miss the hobgoblin. The hobgoblin hits you.
You hit the hobgoblin but do no damage. The hobgoblin completely misses you.
You hit the hobgoblin. You freeze the hobgoblin.
The hobgoblin is heavily wounded.
The hobgoblin hits you.
You hit the hobgoblin but do no damage.
The hobgoblin is heavily wounded.
The hobgoblin closely misses you.
You completely miss the hobgoblin.
The hobgoblin is heavily wounded.
The hobgoblin hits you.
You die...

#8...8#
#......####.....
#.....# #.####.#
#.##.
##...####...##.#
.#
#........#....#
.
########.###..##
. #.####..####
#.>#.......#.
##.#....$.....
.#.@........
.#.g........
.#..........
#.......###
#.......#
##.###### .$#
###


You could see a hobgoblin.

Vanquished Creatures
  A leopard gecko (D:1)
1 creature vanquished.

Notes
Turn   | Place    | Note
-------+----------+-------------------------------------------
     0 | D:1      | Jerej03 the Demonspawn Wanderer began the quest for the
                  | Orb.
     0 | D:1      | Jerej03 set off with the following items: a +2 spear, a +0
                  | robe, a +0 dagger, a ration; and the following spells
                  | available to memorise: Magic Dart, Infusion, Stone Arrow,
                  | Ozocubu's Armour
     0 | D:1      | Reached XP level 1. HP: 13/13 MP: 1/1
    93 | D:1      | Slain by a hobgoblin

Levels and vault maps discovered:
D:1:      scummos_arrival_gate, layout_rooms, corexii_corridor_pit,
          hangedman_abyss_or_decor_stabs

Skill      XL: |  1 |
---------------+----+-----
Stealth        | 2 |  2.0
Polearms       | |  1.7
Shields        | |  1.0
Conjurations   | |  4.0
Transmutations | |  1.0

Action                   || total
-------------------------++-------
Melee: Spear             ||    10
Dodge: Dodged            ||     5

Table legend:
 A = Non-vault XP
 B = Vault XP
 C = Vault XP percentage of total XP
 D = Non-vault monster count
 E = Vault monster count
 F = Vault count percentage of total count
                 A         B        C        D         E       F
            +---------+---------+-------+---------+---------+-------
      Total |       3 |       0 |   0.0 |       1 |       0 |   0.0
            +---------+---------+-------+---------+---------+-------
        D:1 |       3 |       0 |   0.0 |       1 |       0 |   0.0
            +---------+---------+-------+---------+---------+-------
